AoeStats
← ✪ BlackJack

Arena

510486625Analyzed
1v1 RM · 22h ago on Oct 1, 2026· 34m 24s· 2 players
Game mode
Random Map
Map size
Tiny (2 player)
Population
200
Speed
Normal
Resources
Standard
Victory
Conquest
Starting age
Dark Age
Ending age
Imperial Age
RankedLock teamsTeams togetherTeam positionsShared explorationLock speedFull tech treeHidden civsTurbo modeCheats
Victory
Defeat
🇹🇷 Spanish · Türkiye
1144
+14
🇦🇺 Aztecs · Australia
1111
-14
GorillaMan
9:52 Feudal Age
9:37 Loom
13:56 Castle Age
12:19 Double-Bit Axe
16:21 Wheelbarrow
18:05 Sanctity
17:58 Fervor
21:59 Redemption
32:06 Bow Saw
36:13 Imperial Age
✪ BlackJack
10:54 Feudal Age
15:10 Castle Age
13:40 Loom
22:55 Double-Bit Axe
24:47 Devotion
33:48 Imperial Age
32:08 Fletching
32:19 Padded Archer Armor
33:18 Horse Collar
Connection lost

Rejoining the realm…

Still unreachable

The connection could not be restored.

Session expired

The server has moved on; the page needs a fresh start.